Cogmind - Beta 16 @@@ ROGUE MODE // 2025.10.27 @ 00:55:57 Player: ktur Result: Destroyed by DW-4LL with DW-4LL's Slamshotty Performance ------------- Evolutions (5) 2500 Regions Visited (22) 4400 Robots Destroyed (197) 985 Value Destroyed (5722) 5722 Prototype IDs (53) 1060 Alien Tech Used (0) 0 Bonus (3905) 3905 TOTAL SCORE: 18572 Bonus ------- High Alert Combat Kills 231 Follower Combat Kills 1975 Network Hubs Disabled 400 Aligned with FarCom 300 Met Imprinter 300 Built Enhanced Grunts 300 A7 Reached Mainframe 300 Met R17 at Cetus 500 Friendly Fire -401 Cogmind --------- Core Integrity 0/1000 Matter 24/300 Energy 83/100 System Corruption 48% Temperature Cool (0) Movement Core (50) Location -5/Factory Parts ------- > --- POWER (1) -------- (None) > --- PROPULSION (5) --- (None) > --- UTILITY (9) ------ (None) > --- WEAPON (2) ------- (None) > --- INVENTORY (5) ---- Advanced Matter Compressor (400) Advanced ECM Suite Experimental Phase Shifter Authchip [Processor] Peak State ------------ > --- POWER ------------ Quantum Reactor > --- PROPULSION ------- Enhanced Flexi-carbon Leg Enhanced Biometal Leg Enhanced Biometal Leg Enhanced Biometal Leg Enhanced Biometal Leg > --- UTILITY ---------- Huge Storage Unit Improved Transmission Jammer Improved Utility Shielding Experimental Weapon Shielding Centrium Medium Armor Plating Experimental Thermal Shield Advanced Shield Generator Improved Hacking Suite Improved Hacking Suite > --- WEAPON ----------- Mini Smartbomb Launcher Ionic Axe > --- INVENTORY -------- F-cell Engine F-cell Engine Quantum Reactor Combat Linear Gravjet Experimental Heat Sink Advanced Energy Well Advanced Matter Compressor Advanced ECM Suite Experimental Phase Shifter Experimental Weapon Shielding Experimental EM Shield Improved Hacking Suite Improved Hacking Suite Improved Hacking Suite Authchip [Device] Authchip [Processor] Authchip [Processor] Authchip [Processor] Authchip [Armor] EMDS EMDS Advanced Datajack Field Lobotomy Kit [Rating: 133] Favorites ----------- Power Ion Engine Engine Ion Engine Power Core Enhanced Nuclear Core Reactor Quantum Reactor Propulsion Enhanced Biometal Leg Treads Light Treads Leg Enhanced Biometal Leg Wheel Wheel Hover Unit Improved Airjet Utility Hacking Suite Device Cooling System Storage Huge Storage Unit Processor Machine Analyzer Hackware Hacking Suite Protection Centrium Medium Armor Plating Weapon Improved Assault Rifle Energy Gun Improved Medium Laser Energy Cannon EMDS Ballistic Gun Improved Assault Rifle Ballistic Cannon Mini Assault Cannon Launcher Mini Smartbomb Launcher Slashing Weapon Great Axe Special Melee Weapon Improved Datajack Build | -11 -10 -10 -9 -9 -9 -8 -8 -7 -7 -7 -7 -7 -7 -6 -6 -6 -6 -6 -6 -5 -5 -5 ------- Run | Yrd Mat Min Mat Min Exi Min Mat Fac Was Fac Low Low Zio Pro Fac Ext Cet Arc Hub Fac Was Fac Slots Evolved 10 | . . . 2 . . . 2 2 . . . . . . 2 . . . . 2 . . Power . | . . . . . . . . . . . . . . . . . . . . . . . Propulsion 3 | . . . 1 . . . 1 1 . . . . . . . . . . . . . . Utility 7 | . . . 1 . . . 1 1 . . . . . . 2 . . . . 2 . . Weapon . | . . . . . . . . . . . . . . . . . . . . . . . Parts Attached 152 | 6 3 . 13 1 . 1 15 31 . 19 1 1 1 . 4 7 5 10 15 10 . 9 Power 11 | 1 . . 1 . . . 2 2 . 1 . . . . . . 1 . 1 . . 2 Engine 6 | 1 . . 1 . . . 2 1 . . . . . . . . . . . . . 1 Core 2 | . . . . . . . . 1 . 1 . . . . . . . . . . . . Reactor 3 | . . . . . . . . . . . . . . . . . 1 . 1 . . 1 Propulsion 51 | 2 . . 5 1 . . 7 16 . 9 . . . . 1 . 2 1 5 . . 2 Treads 11 | 2 . . 5 1 . . . . . . . . . . . . 2 . 1 . . . Leg 12 | . . . . . . . 6 . . . . . . . . . . 1 4 . . 1 Wheel 1 | . . . . . . . 1 . . . . . . . . . . . . . . . Hover 27 | . . . . . . . . 16 . 9 . . . . 1 . . . . . . 1 Flight . | . . . . . . . . . . . . . . . . . . . . . . . Utility 66 | 1 1 . 4 . . 1 3 9 . 9 . 1 1 . 3 6 2 7 5 9 . 4 Device 24 | . . . 3 . . . 1 . . 5 . . 1 . 1 2 . 3 4 3 . 1 Storage 6 | 1 1 . . . . . . 1 . . . 1 . . . . . 1 . 1 . . Processor 6 | . . . . . . . . 2 . 1 . . . . 1 1 . . . 1 . . Hackware 13 | . . . . . . . . 4 . 1 . . . . 1 1 . . 1 4 . 1 Protection 17 | . . . 1 . . 1 2 2 . 2 . . . . . 2 2 3 . . . 2 Artifact . | . . . . . . . . . . . . . . . . . . . . . . . Weapon 24 | 2 2 . 3 . . . 3 4 . . 1 . . . . 1 . 2 4 1 . 1 Energy Gun 3 | 1 . . 1 . . . 1 . . . . . . . . . . . . . . . Energy Cannon 3 | . . . . . . . . . . . . . . . . . . . 2 . . 1 Ballistic Gun 9 | 1 2 . 1 . . . 2 . . . . . . . . . . 2 1 . . . Ballistic Cannon 1 | . . . . . . . . 1 . . . . . . . . . . . . . . Launcher 3 | . . . 1 . . . . 1 . . 1 . . . . . . . . . . . Special Weapon . | . . . . . . . . . . . . . . . . . . . . . . . Impact Weapon . | . . . . . . . . . . . . . . . . . . . . . . . Slashing Weapon 3 | . . . . . . . . 2 . . . . . . . . . . . 1 . . Piercing Weapon . | . . . . . . . . . . . . . . . . . . . . . . . Special Melee Weapon 2 | . . . . . . . . . . . . . . . . 1 . . 1 . . . Unidentified Prototypes 22 | . 1 . 1 . . . 1 2 . 3 1 1 . . . . 2 3 5 1 . 1 Corrupted Parts 1 | . . . . . . . . . . . . . . . . . 1 . . . . . System Corruption 1 | . . . . . . . . . . . . . . . . . 1 . . . . . Parts Lost 29 | . . . 1 1 . 1 6 1 . . . . . . . . . . 1 . . 18 Power 3 | . . . . . . . 2 . . . . . . . . . . . . . . 1 Propulsion 10 | . . . 1 1 . . 2 . . . . . . . . . . . . . . 6 Utility 12 | . . . . . . 1 1 1 . . . . . . . . . . . . . 9 Weapon 4 | . . . . . . . 1 . . . . . . . . . . . 1 . . 2 Highest Loss Streak 14 | . . . 1 1 . 1 2 1 . . . . . . . . . . 1 . . 14 To Critical Strikes 2 | . . . . . . . . . . . . . . . . . . . . . . 2 Average Backups 20 | 3 20 25 24 24 24 24 24 14 15 14 15 15 15 15 14 14 20 23 23 22 22 20 Power 1 | . 1 1 . . . . . . 1 1 1 1 1 1 1 1 2 3 1 1 1 2 Propulsion 2 | 2 4 7 6 6 6 6 5 1 1 1 1 1 . . . . . 1 . . . . Utility 10 | . 8 8 8 7 7 6 6 7 9 9 10 10 11 12 11 10 11 14 15 15 16 13 Weapon 4 | . 6 8 9 11 11 11 10 2 2 1 1 1 . . . 1 4 3 3 4 3 1 Tool/Special . | . . . . . . . . . . . . . . . . . . . . . . . Unused Backups 47 | . 5 1 8 . . . 3 11 . 4 . . . . . 1 1 3 . 1 . 9 Power 5 | . . . . . . . . . . . . . . . . . 1 3 . . . 1 Propulsion 4 | . 2 . 2 . . . . . . . . . . . . . . . . . . . Utility 20 | . 2 . 3 . . . . 3 . 3 . . . . . 1 . . . 1 . 7 Weapon 16 | . 1 1 3 . . . 2 8 . 1 . . . . . . . . . . . . Tool/Special 2 | . . . . . . . 1 . . . . . . . . . . . . . . 1 Average Slot Usage (%) 94 | . 85 85 99 99 100 99 89 95 100 99 100 100 100 100 97 93 84 86 89 99 100 85 Engine 4 | . 14 14 11 11 11 11 8 3 . . . . . . . . . . . . . . Core 1 | . . . . . . . . 3 7 7 7 7 7 7 6 6 2 . . . . . Reactor 1 | . . . . . . . . . . . . . . . . . 3 6 6 5 5 4 Treads 10 | . 28 28 32 32 33 33 6 . . . . . . . . . 10 13 8 . . . Leg 8 | . . . . . . . 25 . . . . . . . . . . 1 15 28 29 23 Hover 12 | . . . . . . . . 37 38 37 38 38 38 38 31 26 8 4 . . . . Device 6 | . . . 10 11 11 11 9 1 . 1 . . . . 1 10 6 7 13 10 10 11 Storage 8 | . 14 14 11 11 11 11 9 7 7 7 7 7 7 7 6 6 6 6 6 5 11 4 Processor 3 | . . . . . . . . 6 7 7 . . . . 5 . 6 6 6 5 5 1 Hackware 8 | . . . . . . . . 13 7 9 15 15 15 15 17 14 13 10 2 16 17 12 Protection 9 | . . . 10 11 11 10 12 6 15 10 15 14 14 14 13 13 10 14 16 10 5 11 Energy Gun 2 | . . . 9 11 11 11 8 . . . . . . . . . . . . . . . Ballistic Gun 7 | . 27 28 12 11 11 11 9 . . . . . . . . . . 11 9 2 . . Ballistic Cannon 1 | . . . . . . . . 3 7 7 . . . . . . . . . . . . Launcher 1 | . . . . . . . . . . . 6 7 7 7 6 4 . . . . 5 3 Slashing Weapon 3 | . . . . . . . . 6 7 7 7 7 7 7 6 6 5 . . 6 5 4 Peak Build Rating 133 | 6 13 13 21 21 21 21 40 53 52 61 63 66 63 64 68 71 108 119 126 129 127 133 Average Rating 60 | 4 12 13 20 20 20 20 33 37 52 56 62 63 62 63 67 69 93 111 115 120 125 112 On Entrance 56 | . 6 13 13 21 20 21 21 39 52 52 61 63 63 63 63 68 69 108 118 125 124 126 Avg Prop Armor Cover (%) 1 | . . . . . . . 14 . . . . . . . . . 1 1 1 . . . Naked Turns 11 | . . . . . . . . . . . . . . . . . . . . . . 11 Heaviest Build 139 | 13 91 91 97 97 97 97 110 43 43 45 45 45 45 46 47 50 124 139 139 130 121 137 Greatest Support 160 | 40 40 40 60 60 60 60 80 50 50 50 55 55 47 52 51 51 160 160 160 148 148 148 Greatest Overweight (x) 9 | . 2 2 2 1 1 1 9 1 . . . . . . . . 1 . 1 1 . 1 Average Overweight (x) . | . 1 2 1 1 1 1 1 . . . . . . . . . . . . . . . Largest Inventory Capacity 25 | 8 25 25 25 25 25 25 25 25 15 15 15 15 15 15 15 15 25 25 25 25 25 25 Average Capacity 21 | 7 24 25 25 25 25 25 25 15 15 15 15 15 15 15 15 15 23 25 25 25 25 22 Most Carried 25 | 6 25 25 25 25 25 25 25 24 15 15 15 15 15 15 15 15 25 25 25 25 25 25 Average Carried 20 | 3 20 25 24 24 24 24 24 14 15 14 15 15 14 15 14 14 20 24 24 24 24 22 Final Capacity 25 | 8 25 25 25 25 25 25 25 15 15 15 15 15 15 15 15 15 25 25 25 25 25 5 Final Carried 25 | 6 25 25 25 24 25 24 25 15 15 15 15 15 15 15 15 15 25 25 25 24 25 4 Class Distribution -------------------- 45% | Mutant 30% | Scavenger-Mutant 12% | Hacker-Mutant 8% | Commander-Mutant Dominant Class ---------------- Mutant | -10/Materials Mutant | -10/Mines Mutant | -9/Materials Mutant | -9/Mines Mutant | -9/Exiles Mutant | -8/Mines Mutant | -8/Materials Scavenger-Mutant | -7/Factory Mutant | -7/Waste Mutant | -7/Factory Hacker-Mutant | -7/Lower Caves Hacker-Mutant | -7/Lower Caves Hacker-Mutant | -7/Zion Hacker-Mutant | -6/Proximity Caves Hacker-Mutant | -6/Factory Commander-Mutant | -6/Extension Commander-Mutant | -6/Cetus Commander-Mutant | -6/Archives Scavenger-Mutant | -6/Hub_04(d) Scavenger-Mutant | -5/Factory Scavenger-Mutant | -5/Waste Scavenger-Mutant | -5/Factory Resources | -11 -10 -10 -9 -9 -9 -8 -8 -7 -7 -7 -7 -7 -7 -6 -6 -6 -6 -6 -6 -5 -5 -5 ----------- Run | Yrd Mat Min Mat Min Exi Min Mat Fac Was Fac Low Low Zio Pro Fac Ext Cet Arc Hub Fac Was Fac Matter Collected 6088 | 208 464 . 299 19 . 14 438 463 . 498 104 93 187 307 29 357 110 508 688 386 705 211 Remotely . | . . . . . . . . . . . . . . . . . . . . . . . Salvage Created 8247 | 19 716 . 801 22 . 57 1151 424 . 878 51 . . 244 61 174 . 431 805 829 1210 374 Parts 425 | 2 49 . 48 . . 5 50 24 . 59 5 . . 3 10 8 . 42 48 49 4 19 Haulers Intercepted 14 | . 1 . 4 . . . 1 2 . 4 . . . . . . . . . 2 . . Recyclers Shooed 6 | . . . . . . 1 . . . 2 . . . . . . . . . 1 . 2 Parts Field Recycled . | . . . . . . . . . . . . . . . . . . . . . . . Retrieved Matter . | . . . . . . . . . . . . . . . . . . . . . . . Parts Self-Destructed 5 | . . . . . . . . . . . 2 2 . 1 . . . . . . . . Prevented . | . . . . . . . . . . . . . . . . . . . . . . . Parts Restored . | . . . . . . . . . . . . . . . . . . . . . . . Kills | -11 -10 -10 -9 -9 -9 -8 -8 -7 -7 -7 -7 -7 -7 -6 -6 -6 -6 -6 -6 -5 -5 -5 ------- Run | Yrd Mat Min Mat Min Exi Min Mat Fac Was Fac Low Low Zio Pro Fac Ext Cet Arc Hub Fac Was Fac Combat Hostiles Destroyed 116 | . 16 . 17 1 . 4 23 1 . 7 4 . . 4 4 3 . . 10 7 6 9 Melee 15 | . . . . . . . . . . 5 . . . 1 . 1 . . 1 7 . . Guns 64 | . 16 . 16 1 . 4 19 . . . . . . . . . . . 8 . . . Cannons 1 | . . . . . . . . 1 . . . . . . . . . . . . . . AOE 35 | . . . 1 . . . 4 . . 2 4 . . 3 4 2 . . . . 6 9 Classes Destroyed 18 | 1 6 . 4 . . . 2 1 . . . . . 1 . . . . 2 . 1 . Worker 10 | . . . 4 . . . 2 . . 1 . . . . 1 . . . . 1 . 1 Builder 13 | . . . . . . . 3 1 . 5 . . . . . . . . . 4 . . Tunneler 3 | 1 . . . . . . . . . 1 . . . . 1 . . . . . . . Hauler 14 | . 1 . 4 . . . 1 2 . 4 . . . . . . . . . 2 . . Recycler 11 | . 1 . . . . . . 2 . 5 . . . . . . . . . 1 . 2 Mechanic 1 | . . . 1 . . . . . . . . . . . . . . . . . . . Operator 16 | . 4 . 2 . . . 2 . . 1 . . . . . . . 7 . . . . Watcher 10 | . 2 . . . . . 1 4 . . . . . . . 1 . . 1 1 . . Swarmer 39 | . 6 . 6 . . 4 3 . . 5 4 . . . 4 . . . . . . 7 Grunt 47 | . 10 . 7 . . . 17 . . . . . . 3 . 1 . . 3 4 . 2 Brawler 2 | . . . 1 . . . . . . . . . . . . 1 . . . . . . Duelist 1 | . . . . . . . . . . . . . . 1 . . . . . . . . Protector 1 | . . . . . . . . . . . . . . . . . . . 1 . . . Sentry 7 | . . . 3 . . . 2 . . . . . . . . 1 . . 1 . . . Hunter 1 | . . . . . . . 1 . . . . . . . . . . . . . . . Programmer 7 | . . . . . . . . 1 . 2 . . . . . . . . 1 3 . . Heavy 1 | . . . . . . . . . . . . . . . . . . . 1 . . . Compactor 6 | . . . . . . . . . . . . . . . . . . . . . 6 . Enhanced Grunt 1 | . . . . . . . . . . . . . . . . . . 1 . . . . Lightning 3 | . . . . . . . . . . . . . . . . . . . 3 . . . Savage 1 | . . . . . . . . . . . . . . 1 . . . . . . . . Guerrilla 1 | . . . . . . . . . . . . . . . . . . 1 . . . . Best Kill Streak 6 | 1 5 . 6 1 . 4 5 1 . 3 4 . . 3 5 2 . 1 4 4 2 6 Combat Bots Only 5 | . 4 . 5 1 . 4 4 1 . 2 4 . . 3 4 2 . . 4 3 2 5 Max Kills in Single Turn 6 | 1 1 . 2 1 . 2 2 1 . 2 3 . . 2 2 1 . 1 2 1 1 6 Gunslinging 1 | . . . 1 . . 1 . . . . . . . . . . . . . . . . Exploded 4 | . . . 1 . . . 1 . . 2 3 . . 2 1 1 . . . . 1 4 Melee 1 | . . . . . . . . . . 1 . . . 1 . 1 . . 1 1 . . Uniques/NPCs Destroyed 1 | . . . . 1 . . . . . . . . . . . . . . . . . . YI-UF0 (-9/Mines) Combat | -11 -10 -10 -9 -9 -9 -8 -8 -7 -7 -7 -7 -7 -7 -6 -6 -6 -6 -6 -6 -5 -5 -5 -------- Run | Yrd Mat Min Mat Min Exi Min Mat Fac Was Fac Low Low Zio Pro Fac Ext Cet Arc Hub Fac Was Fac Hostile Shots Fired 796 | . 62 . 84 10 . 10 156 26 . 62 2 . . 11 14 30 . . 54 49 . 226 Missed 282 | . 17 . 23 . . 2 51 14 . 29 1 . . 3 6 14 . . 14 22 . 86 Hits 514 | . 45 . 61 10 . 8 105 12 . 33 1 . . 8 8 16 . . 40 27 . 140 Melee 2 | . . . 1 . . . . . . . 1 . . . . . . . . . . . Projectile 512 | . 45 . 60 10 . 8 105 12 . 33 . . . 8 8 16 . . 40 27 . 140 AOE 10 | . . . . 10 . . . . . . . . . . . . . . . . . . Critical Strikes 18 | . 1 . 1 . . . 2 . . 1 . . . . . . . . 4 1 . 8 Actively Blocked 2 | . . . . . . . . . . . . . . . . . . . . 1 . 1 Damage Taken 9386 | . 537 . 621 313 . 58 1377 273 . 524 25 . . 149 113 169 40 . 1064 353 . 3770 Core 1611 | . 88 . 41 61 . 17 144 75 . 40 . . . . 18 42 12 . 59 20 . 994 Absorbed by Shields 117 | . . . . . . . . . . . . . . . . . 39 . . . . 78 Reduced by Siege Mode 31 | . . . . . . . . . . . . . . . . . . . 31 . . . Redirected to Shielding 526 | . . . . . . . . 56 . 122 . . . . 10 3 . . 11 11 . 313 Ignored by Resistances 374 | . . . 45 . . . 122 . . . . . . . . . . . 23 184 . . Regen/Repaired (Parts) 663 | . . . . . . . . . . 225 . . . . . . . . . 210 30 198 Core Remaining (%) 79 | 100 . 64 . . . 70 73 . . . . . . 83 . . . . 84 . . . Volleys Fired 406 | 6 64 . 50 4 . 3 98 8 . 26 4 . . 5 5 3 . 37 36 2 27 28 Largest 2 | 2 2 . 2 2 . 2 2 1 . 1 1 . . 1 1 1 . 2 2 1 1 1 Hottest 112 | 70 46 . 79 79 . 79 112 40 . 40 80 . . 80 80 80 . 66 70 70 80 80 Shots Fired 685 | 12 128 . 97 8 . 6 186 8 . 27 4 . . 5 5 3 . 74 66 2 27 27 Gun 561 | 12 128 . 94 8 . 6 181 . . . . . . . . . . 74 58 . . . Cannon 66 | . . . . . . . . 8 . 27 . . . . . . . . 8 2 . 21 Launcher 58 | . . . 3 . . . 5 . . . 4 . . 5 5 3 . . . . 27 6 Special . | . . . . . . . . . . . . . . . . . . . . . . . Kinetic 445 | 6 128 . 47 4 . 3 90 8 . 27 . . . . . . . 74 58 . . . Thermal 151 | 6 . . 47 4 . 3 91 . . . . . . . . . . . . . . . Explosive 58 | . . . 3 . . . 5 . . . 4 . . 5 5 3 . . . . 27 6 Electromagnetic 31 | . . . . . . . . . . . . . . . . . . . 8 2 . 21 Robot Hit Streak 18 | 3 9 . 12 14 . 16 14 14 . 1 2 . . . 4 6 . 9 18 1 7 12 Robot Miss Streak 5 | 3 3 . 3 . . 1 5 . . 2 . . . . . . . 5 2 1 . 2 Penetration Max 3 | . . . . . . . . . . . . . . . . . . . 3 . . . Secondary Targets 9 | . 4 . 2 . . 1 2 . . . . . . . . . . . . . . . Max Gunslinging Chain 1 | . 1 . 1 . . 1 1 . . . . . . . . . . . . . . . Shots Hit Robots 543 | 8 81 . 64 7 . 5 125 14 . 45 1 . . 4 3 24 . 46 51 37 6 22 Core Hits 291 | 2 31 . 32 3 . 4 66 7 . 18 5 . . 12 7 7 . 22 22 17 13 23 Critical Kills 17 | . . . 1 . . . . . . . . . . . . . . 8 8 . . . Critical Parts Destroyed 20 | . 1 . . . . . . . . . . . . . . . . 12 7 . . . Critical Strikes 61 | . 1 . 4 . . . 8 . . 2 . . . 2 . 1 . 20 15 6 . 2 Burn 11 | . . . 3 . . . 8 . . . . . . . . . . . . . . . Destroy 37 | . 1 . 1 . . . . . . . . . . . . . . 20 15 . . . Corrupt 2 | . . . . . . . . . . . . . . . . . . . . . . 2 Sever 11 | . . . . . . . . . . 2 . . . 2 . 1 . . . 6 . . Melee Attacks 337 | . . . . . . . . 62 . 119 . 4 . 12 17 24 . . 6 83 . 10 Impact . | . . . . . . . . . . . . . . . . . . . . . . . Slashing 324 | . . . . . . . . 62 . 119 . 4 . 12 17 11 . . 6 83 . 10 Piercing . | . . . . . . . . . . . . . . . . . . . . . . . Sneak Attacks 57 | . . . . . . . . 6 . 23 . . . . 1 14 . . . 12 . 1 Combat Hostiles 3 | . . . . . . . . . . . . . . . . 1 . . . 2 . . Follow-up Attacks 1 | . . . . . . . . . . . . . . . . . . . . 1 . . Damage Inflicted 20390 | 83 1287 . 1346 114 . 88 2574 782 . 2935 329 . . 696 701 667 . 311 691 2131 3958 1697 Guns 5314 | 83 1272 . 1078 109 . 83 2070 . . . . . . . . . . 311 308 . . . Cannons 478 | . . . . . . . . 38 . 26 . . . . . . . . 298 56 . 60 Explosions 8073 | . . . 260 . . . 504 . . 203 329 . . 555 614 316 . . . . 3958 1334 Melee 6444 | . . . . . . . . 744 . 2706 . . . 141 87 351 . . 50 2068 . 297 Ramming 81 | . 15 . 8 5 . 5 . . . . . . . . . . . . 35 7 . 6 Kinetic 3539 | 33 1272 . 520 39 . 49 943 38 . 26 . . . . . . . 311 308 . . . Thermal 2484 | 50 . . 558 70 . 34 1127 . . 203 . . . . . . . . . . . 442 Explosive 7428 | . . . 260 . . . 504 . . . 329 . . 555 614 316 . . . . 3958 892 Electromagnetic 414 | . . . . . . . . . . . . . . . . . . . 298 56 . 60 Impact . | . . . . . . . . . . . . . . . . . . . . . . . Slashing 6444 | . . . . . . . . 744 . 2706 . . . 141 87 351 . . 50 2068 . 297 Piercing . | . . . . . . . . . . . . . . . . . . . . . . . Highest Corruption 44 | . . . . . . . . . . 3 . . . . . . 1 1 5 4 . 44 Average Corruption 3 | . . . . . . . . . . 1 . . . . . . 1 1 3 3 . 27 Corruption Purged 11 | . . . . . . . . . . 6 . . . . . . . 1 . 4 . . Corruption Blocked . | . . . . . . . . . . . . . . . . . . . . . . . Effects 62 | . . . . . . . . . . 15 . . . . . . 2 4 8 21 . 12 Message Errors 15 | . . . . . . . . . . 4 . . . . . . 1 . 1 8 . 1 Matter Fused 14 | . . . . . . . . . . 5 . . . . . . . 1 1 4 . 3 Heat Flow Errors 13 | . . . . . . . . . . 2 . . . . . . 1 1 2 4 . 3 Energy Discharges 5 | . . . . . . . . . . 1 . . . . . . . 1 . 3 . . Data Loss (minor) 6 | . . . . . . . . . . 1 . . . . . . . 1 2 1 . 1 Data Loss (major) 2 | . . . . . . . . . . 1 . . . . . . . . . 1 . . Misfires 3 | . . . . . . . . . . 1 . . . . . . . . 2 . . . Alerts 1 | . . . . . . . . . . . . . . . . . . . . . . 1 Misdirections 2 | . . . . . . . . . . . . . . . . . . . . . . 2 Weapon Failures 1 | . . . . . . . . . . . . . . . . . . . . . . 1 Overload Shots . | . . . . . . . . . . . . . . . . . . . . . . . Overflow Damage 1169 | . . . 17 . . . . 208 . 508 3 . . . 18 3 . . 53 195 . 164 Projectiles 77 | . . . . . . . . . . 24 . . . . . . . . 53 . . . Explosions 202 | . . . 17 . . . . . . . 3 . . . 18 . . . . . . 164 Melee 890 | . . . . . . . . 208 . 484 . . . . . 3 . . . 195 . . Knockbacks . | . . . . . . . . . . . . . . . . . . . . . . . Impact . | . . . . . . . . . . . . . . . . . . . . . . . Kinetic . | . . . . . . . . . . . . . . . . . . . . . . . Secondary . | . . . . . . . . . . . . . . . . . . . . . . . Self-Inflicted Damage 104 | . . . 41 . . . . . . 63 . . . . . . . . . . . . Shots 3 | . . . 2 . . . . . . 1 . . . . . . . . . . . . Rammed 9 | . 3 . 2 1 . 1 . . . . . . . . . . . . 2 . . . Targets Rammed 13 | . 3 . 4 1 . 1 . . . . . . . . . . . . 2 1 . 1 Kicked 2 | . . . . . . . . . . . . . . . . . . . . 1 . 1 Crushed 2 | . . . 2 . . . . . . . . . . . . . . . . . . . Highest Temperature 259 | 100 25 . 138 . . . 13 10 . 135 38 . . 120 45 68 106 236 259 189 80 224 Average Temperature 46 | 57 7 . 40 . . . 4 5 . 29 24 . . 57 23 31 50 130 111 99 32 71 Received Heat Transfer 1650 | . 291 . 174 . . . 702 30 . 21 . . . 72 18 39 . . 231 72 . . Siege Activations 1 | . . . . . . . . . . . . . . . . . . . 1 . . . Total Turns 45 | . . . . . . . . . . . . . . . . . . . 45 . . . Longest Duration 45 | . . . . . . . . . . . . . . . . . . . 45 . . . Martial Activations . | . . . . . . . . . . . . . . . . . . . . . . . Shielding Activations . | . . . . . . . . . . . . . . . . . . . . . . . Robots Disrupted . | . . . . . . . . . . . . . . . . . . . . . . . Combat Hostiles . | . . . . . . . . . . . . . . . . . . . . . . . Robots Corrupted 2 | . . . . . . . . . . . . . . . . . . . 2 . . . Combat Hostiles 1 | . . . . . . . . . . . . . . . . . . . 1 . . . Parts Fried 2 | . . . . . . . . . . . . . . . . . . . 2 . . . Impact Corruptions . | . . . . . . . . . . . . . . . . . . . . . . . Robots Melted . | . . . . . . . . . . . . . . . . . . . . . . . Combat Hostiles . | . . . . . . . . . . . . . . . . . . . . . . . Parts Melted 10 | . . . 2 . . . 8 . . . . . . . . . . . . . . . Heat Transferred 5247 | 148 . . 1443 148 . 74 3034 . . 150 . . . . . . . . . . . 250 Parts Sabotaged . | . . . . . . . . . . . . . . . . . . . . . . . Parts Stolen . | . . . . . . . . . . . . . . . . . . . . . . . Parts Stripped . | . . . . . . . . . . . . . . . . . . . . . . . Power Chain Reactions 1 | . . . . . . . . 1 . . . . . . . . . . . . . . Alert | -11 -10 -10 -9 -9 -9 -8 -8 -7 -7 -7 -7 -7 -7 -6 -6 -6 -6 -6 -6 -5 -5 -5 ------- Run | Yrd Mat Min Mat Min Exi Min Mat Fac Was Fac Low Low Zio Pro Fac Ext Cet Arc Hub Fac Was Fac Maximum Alert Level 3 | . . . 1 . . . 1 . . 1 . . . . . 1 1 . 3 2 . 2 Low Security (%) 86 | 100 100 100 56 100 . 100 92 100 100 95 . . . . 100 75 31 100 11 98 100 61 Level 1 8 | . . . 43 . . . 7 . . 4 . . . . . 24 68 . 13 . . 11 Level 2 2 | . . . . . . . . . . . . . . . . . . . 35 1 . 26 Level 3 1 | . . . . . . . . . . . . . . . . . . . 39 . . . Level 4 . | . . . . . . . . . . . . . . . . . . . . . . . Level 5 . | . . . . . . . . . . . . . . . . . . . . . . . High Security . | . . . . . . . . . . . . . . . . . . . . . . . Max Security . | . . . . . . . . . . . . . . . . . . . . . . . Peak Influence 836 | 5 157 35 383 5 . 80 223 119 14 375 . . . . 108 260 315 106 836 424 137 559 Initial 424 | . . 35 . 5 . . 3 39 14 . . . . . 46 21 95 91 . 424 67 35 Average 93 | . 42 3 172 . . 43 74 38 5 60 . . . . 59 143 221 24 542 57 89 174 Influence Increases 7826 | 5 478 . 678 . . 90 672 423 . 739 90 . . 150 149 591 380 256 1210 514 206 1195 Destroy 0b10 Robot/C 3180 | . 320 . 380 . . 80 460 20 . 140 80 . . 80 80 280 160 80 520 140 . 360 Destroy 0b10 Robot/NC 440 | 5 40 . 55 . . . 45 45 . 85 . . . . 10 5 10 40 20 45 . 35 Destroy Leader 630 | . 86 . 108 . . 10 94 22 . 48 10 . . 20 10 22 . . 104 36 . 60 Allied During Kill 1095 | . . . 3 . . . . . . . . . . 5 . 227 170 119 308 . . 263 Trap Triggered on 0b10 20 | . . . . . . . . . . . . . . . . . . . . 20 . . Successful Hack 338 | . . . 7 . . . 6 57 . 71 . . . . 12 14 7 . . 55 . 109 Select Force Hacks 320 | . 30 . 30 . . . . 50 . 30 . . . . . . . . 100 30 . 50 Disable Machine 360 | . . . 45 . . . 15 . . 105 . . . . . 15 . 15 30 15 . 120 Destroy Structure 798 | . 2 . 20 . . . 22 49 . 110 . . . . 37 28 18 2 38 68 206 198 Partial Spotted 75 | . . . . . . . . 30 . 45 . . . . . . . . . . . . Lose Combat Pursuer 570 | . . . 30 . . . 30 150 . 105 . . . 45 . . 15 . 90 105 . . Influence Decreases 7329 | 5 386 92 664 14 . 80 593 472 40 365 190 103 171 75 179 465 322 485 344 1186 349 749 Entered New Map 1365 | . . 57 . 9 . . 7 50 26 . 140 53 171 . 29 24 76 138 . 442 127 16 Time Decay 4098 | 5 386 35 354 5 . 70 376 402 14 365 50 50 . 40 150 310 206 187 234 434 222 203 Lost Part 280 | . . . 10 . . 10 60 10 . . . . . . . . . . 10 . . 180 Lost Ally 555 | . . . . . . . . 10 . . . . . 35 . . 40 160 100 10 . 200 Purge Threat 1031 | . . . 300 . . . 150 . . . . . . . . 131 . . . 300 . 150 Squads Dispatched 62 | . 4 . 4 . . . 3 13 . 8 . . . . 2 2 . . 10 9 . 7 Investigation 24 | . 1 . 2 . . . 1 7 . 3 . . . . . . . . 4 4 . 2 Extermination 13 | . . . . . . . . 3 . 4 . . . . 1 . . . 1 3 . 1 Reinforcement 24 | . 3 . 2 . . . 2 3 . 1 . . . . 1 2 . . 5 2 . 3 Assault 1 | . . . . . . . . . . . . . . . . . . . . . . 1 Garrison . | . . . . . . . . . . . . . . . . . . . . . . . Intercept . | . . . . . . . . . . . . . . . . . . . . . . . Searches Triggered . | . . . . . . . . . . . . . . . . . . . . . . . Unchained Authorized 1 | . . . . . . . . . . . . . . . . . . . . . . 1 Construction Impeded 5 | . . . . . . . . 1 . . . . . . 1 2 . . 1 . . . Haulers Reinforced 4 | . . . . . . . . 1 . 1 . . . . . . . . 2 . . . Active Scanning Responses . | . . . . . . . . . . . . . . . . . . . . . . . Cargo Convoy Interrupts 1 | . . . . . . . . . . 1 . . . . . . . . . . . . Stealth | -11 -10 -10 -9 -9 -9 -8 -8 -7 -7 -7 -7 -7 -7 -6 -6 -6 -6 -6 -6 -5 -5 -5 --------- Run | Yrd Mat Min Mat Min Exi Min Mat Fac Was Fac Low Low Zio Pro Fac Ext Cet Arc Hub Fac Was Fac Distress Signals 23 | . 6 . 5 . . . 3 1 . 1 . . . . . 1 2 1 2 . . 1 Communications Jammed 34 | . . . . . . . . . . . . . . . . . . . . 33 . 1 Distress Signals 32 | . . . . . . . . . . . . . . . . . . . . 32 . . Times Spotted 273 | . 31 . 32 1 . 3 32 15 6 18 4 . . 9 5 13 7 23 22 34 7 11 Peak Tracking Total 10 | . 4 . 10 1 . 3 5 6 6 4 4 . . 4 2 4 5 1 5 4 2 5 Tactical Retreats 32 | . . . 1 . . . 2 6 . 7 . . . 2 . . 1 . 4 9 . . ECM-based Alert Blocks 13 | . . . . . . . . . . 4 . . . 3 . . . . . 6 . . Traps | -11 -10 -10 -9 -9 -9 -8 -8 -7 -7 -7 -7 -7 -7 -6 -6 -6 -6 -6 -6 -5 -5 -5 ------- Run | Yrd Mat Min Mat Min Exi Min Mat Fac Was Fac Low Low Zio Pro Fac Ext Cet Arc Hub Fac Was Fac Traps Triggered 15 | . . . . . . . . 6 . 5 . . . . . 1 . . 1 1 . 1 Indirectly . | . . . . . . . . . . . . . . . . . . . . . . . Trap Hack Attempts 21 | . . . . . . . . . . . . . . . . . . . 21 . . . Triggered . | . . . . . . . . . . . . . . . . . . . . . . . Disarmed 4 | . . . . . . . . . . . . . . . . 4 . . . . . . Reprogrammed 12 | . . . . . . . . 6 . 4 . . . . . . . . 2 . . . Reused 2 | . . . . . . . . . . . . . . . . . . . . 2 . . Traps Extracted 7 | . . . . . . . . . . 4 . . . . . . . . 2 1 . . Installed 3 | . . . . . . . . . . . . . . . . . . . . 3 . . Triggered 2 | . . . . . . . . . . . . . . . . . . . . 2 . . Most Traps Carried 4 | . . . . . . . . . . 4 4 4 4 4 4 4 4 4 4 2 . . Machines | -11 -10 -10 -9 -9 -9 -8 -8 -7 -7 -7 -7 -7 -7 -6 -6 -6 -6 -6 -6 -5 -5 -5 ---------- Run | Yrd Mat Min Mat Min Exi Min Mat Fac Was Fac Low Low Zio Pro Fac Ext Cet Arc Hub Fac Was Fac Machines Disabled 25 | . 1 . 3 . . . 1 . . 7 . . . . . 1 . 1 2 1 . 8 Max in Single Turn 6 | . 1 . 1 . . . 1 . . 5 . . . . . 1 . . 1 1 . 6 Garrison Access 4 | . . . . . . . . . . 2 . . . . . . . . . . . 2 Network Hub 2 | . . . . . . . . . . . . . . . . . . . 2 . . . Machines Repaired . | . . . . . . . . . . . . . . . . . . . . . . . Machines Dismantled . | . . . . . . . . . . . . . . . . . . . . . . . Machines Sabotaged 2 | . . . . . . . . . . . . . . . . . . . 2 . . . Overloaded Fab Kills . | . . . . . . . . . . . . . . . . . . . . . . . Hacking | -11 -10 -10 -9 -9 -9 -8 -8 -7 -7 -7 -7 -7 -7 -6 -6 -6 -6 -6 -6 -5 -5 -5 --------- Run | Yrd Mat Min Mat Min Exi Min Mat Fac Was Fac Low Low Zio Pro Fac Ext Cet Arc Hub Fac Was Fac Machines Accessed 87 | . 3 . 5 . 1 . 3 15 . 16 . . . . 6 11 1 . 5 12 . 9 Terminals 53 | . 2 . 3 . . . 2 8 . 7 . . . . 4 11 1 . 5 6 . 4 Fabricators 14 | . . . . . . . . 5 . 3 . . . . 1 . . . . 3 . 2 Repair Stations 4 | . . . . . . . . . . 2 . . . . . . . . . 1 . 1 Recycling Units 4 | . 1 . 1 . . . . . . 1 . . . . . . . . . 1 . . Scanalyzers 6 | . . . 1 . . . 1 1 . 1 . . . . 1 . . . . 1 . . Garrison Access 5 | . . . . . . . . 1 . 2 . . . . . . . . . . . 2 Total Hacks 266 | . 6 . 15 . 1 . 7 42 . 48 . . . . 17 13 1 . 8 65 . 43 Successful 180 | . 2 . 6 . 1 . 4 27 . 32 . . . . 15 11 1 . 4 51 . 26 Failed 85 | . 4 . 9 . . . 3 15 . 16 . . . . 2 2 . . 4 13 . 17 Catastrophic 8 | . . . 1 . . . 1 2 . 1 . . . . 1 . . . . 1 . 1 Database Lockouts 1 | . . . . . . . . . . . . . . . . . . . . 1 . . Manual 162 | . 4 . 12 . 1 . 4 22 . 23 . . . . 12 1 1 . 8 43 . 31 Terminals 181 | . 4 . 12 . . . 4 23 . 26 . . . . 14 13 1 . 8 44 . 32 Fabricators 37 | . . . . . . . . 13 . 7 . . . . 2 . . . . 13 . 2 Repair Stations 22 | . . . . . . . . . . 9 . . . . . . . . . 6 . 7 Recycling Units 5 | . 2 . 1 . . . . . . 1 . . . . . . . . . 1 . . Scanalyzers 12 | . . . 2 . . . 3 4 . 1 . . . . 1 . . . . 1 . . Garrison Access 8 | . . . . . . . . 2 . 4 . . . . . . . . . . . 2 Terminal Hacks 63 | . . . 3 . 1 . 1 7 . 9 . . . . 7 11 1 . . 19 . 4 Part Schematic 5 | . . . 1 . . . . 2 . 1 . . . . . . . . . 1 . . Robot Analysis 2 | . . . . . . . . . . . . . . . 1 . . . . . . 1 Prototype ID Bank 4 | . . . . . . . . 1 . . . . . . 1 . . . . 2 . . Open Door 11 | . . . . . . . . . . . . . . . 1 9 1 . . . . . Branch Access Points 3 | . . . . . . . . . . 1 . . . . 1 . . . . 1 . . Terminal Index 2 | . . . . . . . . . . . . . . . 1 . . . . 1 . . Fabricator Index 1 | . . . . . . . . 1 . . . . . . . . . . . . . . Repair Station Index 1 | . . . . . . . . . . . . . . . . . . . . 1 . . Scanalyzer Index 1 | . . . . . . . . . . . . . . . . . . . . . . 1 Alert Level 3 | . . . . . . . . . . 1 . . . . . . . . . 2 . . Unreport Threat 7 | . . . 2 . . . 1 . . . . . . . . 1 . . . 2 . 1 Locate Traps 8 | . . . . . . . . . . 4 . . . . 1 . . . . 3 . . Disarm Traps 1 | . . . . . . . . . . . . . . . . 1 . . . . . . Reprogram Traps 2 | . . . . . . . . 1 . 1 . . . . . . . . . . . . Surveillance Status 1 | . . . . . . . . 1 . . . . . . . . . . . . . . Patrol Status 1 | . . . . . . . . . . . . . . . . . . . . . . 1 Recall Investigation 1 | . . . . . . . . 1 . . . . . . . . . . . . . . Hauler Manifests 5 | . . . . . . . . . . 1 . . . . 1 . . . . 3 . . Registered Components 1 | . . . . . . . . . . . . . . . . . . . . 1 . . Registered Prototypes 1 | . . . . . . . . . . . . . . . . . . . . 1 . . Zone Layout 1 | . . . . . . . . . . . . . . . . . . . . 1 . . Proto ID Catalog 1 | . . . . . 1 . . . . . . . . . . . . . . . . . Fabricator Hacks 21 | . . . . . . . . 8 . 3 . . . . 1 . . . . 8 . 1 Network Status 4 | . . . . . . . . . . 1 . . . . 1 . . . . 1 . 1 Load Schematic 12 | . . . . . . . . 5 . 2 . . . . . . . . . 5 . . Build 5 | . . . . . . . . 3 . . . . . . . . . . . 2 . . Repair Station Hacks 16 | . . . . . . . . . . 7 . . . . . . . . . 4 . 5 Scan Component 9 | . . . . . . . . . . 4 . . . . . . . . . 2 . 3 Repair 7 | . . . . . . . . . . 3 . . . . . . . . . 2 . 2 Recycling Unit Hacks . | . . . . . . . . . . . . . . . . . . . . . . . Scanalyzer 9 | . . . 1 . . . 2 4 . 1 . . . . 1 . . . . . . . Retrieve Study 9 | . . . 1 . . . 2 4 . 1 . . . . 1 . . . . . . . Garrison Access Hacks 4 | . . . . . . . . . . 2 . . . . . . . . . . . 2 Seal Access 4 | . . . . . . . . . . 2 . . . . . . . . . . . 2 Unauthorized Hacks 67 | . 2 . 2 . . . 1 8 . 10 . . . . 6 . . . 4 20 . 14 Terminals 50 | . 1 . 1 . . . 1 4 . 6 . . . . 5 . . . 4 15 . 13 Track 10 | . . . . . . . . . . 1 . . . . 1 . . . . 4 . 4 Assimilate 4 | . . . . . . . . 1 . . . . . . . . . . . 2 . 1 Botnet 12 | . . . . . . . . 2 . 2 . . . . 2 . . . . 4 . 2 Disrupt 1 | . . . . . . . . . . . . . . . . . . . . . . 1 Operators 7 | . 1 . 1 . . . 1 . . 1 . . . . 1 . . . . 1 . 1 Skim 12 | . . . . . . . . 1 . 2 . . . . 1 . . . . 4 . 4 Sabotage 4 | . . . . . . . . . . . . . . . . . . . 4 . . . Fabricators 13 | . . . . . . . . 4 . 3 . . . . 1 . . . . 4 . 1 Prioritize 1 | . . . . . . . . . . . . . . . . . . . . 1 . . Liberate 1 | . . . . . . . . . . . . . . . 1 . . . . . . . Haulers 1 | . . . . . . . . . . 1 . . . . . . . . . . . . Overload 2 | . . . . . . . . 1 . . . . . . . . . . . . . 1 Recompile 8 | . . . . . . . . 3 . 2 . . . . . . . . . 3 . . Repair Stations . | . . . . . . . . . . . . . . . . . . . . . . . Recycling Units 4 | . 1 . 1 . . . . . . 1 . . . . . . . . . 1 . . Tunnel 4 | . 1 . 1 . . . . . . 1 . . . . . . . . . 1 . . Scanalyzers . | . . . . . . . . . . . . . . . . . . . . . . . Garrison Access . | . . . . . . . . . . . . . . . . . . . . . . . Data Cores Recovered 2 | . 1 . . . . . . . . . . . . . . . . . . . . 1 Used . | . . . . . . . . . . . . . . . . . . . . . . . Hacking Detections 56 | . 3 . 4 . . . 3 10 . 11 . . . . 6 6 . . 1 7 . 5 Full Trace Events 6 | . . . 1 . . . 1 3 . . . . . . . . . . . . . 1 Feedback Events . | . . . . . . . . . . . . . . . . . . . . . . . Feedback Blocked . | . . . . . . . . . . . . . . . . . . . . . . . Robot Schematics Acquired . | . . . . . . . . . . . . . . . . . . . . . . . Robots Built . | . . . . . . . . . . . . . . . . . . . . . . . Authchips . | . . . . . . . . . . . . . . . . . . . . . . . Time . | . . . . . . . . . . . . . . . . . . . . . . . Total Robot Build Rating . | . . . . . . . . . . . . . . . . . . . . . . . Part Schematics Acquired 5 | . . . 1 . . . . 2 . 1 . . . . . . . . . 1 . . Parts Built 7 | . . . . . . . . 5 . . . . . . . . . . . 2 . . Authchips 3 | . . . . . . . . 1 . . . . . . . . . . . 2 . . Time 308 | . . . . . . . . 232 . . . . . . . . . . . 76 . . Total Part Build Rating 24 | . . . . . . . . 14 . . . . . . . . . . . 10 . . Part Studies Acquired 8 | . . . 1 . . . 1 4 . 1 . . . . 1 . . . . . . . Parts Repaired 5 | . . . . . . . . . . 2 . . . . . . . . . 2 . 1 Time 265 | . . . . . . . . . . 102 . . . . . . . . . 41 . 122 Parts Recycled . | . . . . . . . . . . . . . . . . . . . . . . . Recycled Matter . | . . . . . . . . . . . . . . . . . . . . . . . Retrieved Matter . | . . . . . . . . . . . . . . . . . . . . . . . Retrieved Components . | . . . . . . . . . . . . . . . . . . . . . . . Parts Scanalyzed . | . . . . . . . . . . . . . . . . . . . . . . . Part Schematics Acquired . | . . . . . . . . . . . . . . . . . . . . . . . Parts Damaged . | . . . . . . . . . . . . . . . . . . . . . . . Bothacking | -11 -10 -10 -9 -9 -9 -8 -8 -7 -7 -7 -7 -7 -7 -6 -6 -6 -6 -6 -6 -5 -5 -5 ------------ Run | Yrd Mat Min Mat Min Exi Min Mat Fac Was Fac Low Low Zio Pro Fac Ext Cet Arc Hub Fac Was Fac Used RIF Installer . | . . . . . . . . . . . . . . . . . . . . . . . Robots Hacked . | . . . . . . . . . . . . . . . . . . . . . . . Non-combat . | . . . . . . . . . . . . . . . . . . . . . . . Combat . | . . . . . . . . . . . . . . . . . . . . . . . Robot Hacks Applied . | . . . . . . . . . . . . . . . . . . . . . . . Relay Couplers Released 2 | . . . . . . . . . . . . . . . . . . . . . . 2 Machine Destruction 2 | . . . . . . . . . . . . . . . . . . . . . . 2 Fabnet Peak Effective % . | . . . . . . . . . . . . . . . . . . . . . . . Robots Rewired 6 | . . . . . . . . . . . . . . . . 6 . . . . . . Allies Hacked 1 | . . . . . . . . . . . . . . . . . . . . . . 1 Hacks Repelled . | . . . . . . . . . . . . . . . . . . . . . . . Allies | -11 -10 -10 -9 -9 -9 -8 -8 -7 -7 -7 -7 -7 -7 -6 -6 -6 -6 -6 -6 -5 -5 -5 -------- Run | Yrd Mat Min Mat Min Exi Min Mat Fac Was Fac Low Low Zio Pro Fac Ext Cet Arc Hub Fac Was Fac Total Allies 52 | . . 1 . . . . . 1 . . . . 5 . . 19 5 . . 2 19 . Largest Group 21 | . . 1 1 . . . . 1 . . . . 5 5 . 19 21 21 9 1 19 19 Highest-Rated Group 1053 | . . 31 31 . . . . 26 . . . . 121 121 . 670 1053 1053 531 10 684 684 Highest-Rated Ally 159 | . . 31 31 . . . . 26 . . . . 31 31 . 159 159 159 96 10 50 50 Total Orders 4 | . . . . . . . . . . . . . . . . . . 2 1 1 . . STAY 3 | . . . . . . . . . . . . . . . . . . 1 1 1 . . FOLLOW 1 | . . . . . . . . . . . . . . . . . . 1 . . . . Ally Attacks 330 | . . . 4 . . . . . . . . . . 14 . 56 53 31 73 . . 99 Total Damage 9625 | . . . 84 . . . . . . . . . . 247 . 1015 1366 1120 2678 . . 3115 Kills 63 | . . . 2 . . . . . . . . . . . . 12 10 6 19 . . 14 Allies Corrupted 9 | . . . . . . . . . . . . . . . . . . . 2 . . 7 Allies Melted 1 | . . . . . . . . . . . . . . . . 1 . . . . . . Intel | -11 -10 -10 -9 -9 -9 -8 -8 -7 -7 -7 -7 -7 -7 -6 -6 -6 -6 -6 -6 -5 -5 -5 ------- Run | Yrd Mat Min Mat Min Exi Min Mat Fac Was Fac Low Low Zio Pro Fac Ext Cet Arc Hub Fac Was Fac Active Infowar (turns) 6495 | . . . 1 . . . . 1590 62 1650 . . . 16 306 11 . . . 1738 474 647 Structural 292 | . . . 1 . . . . 291 . . . . . . . . . . . . . . T.N.C. 2770 | . . . . . . . . . . 63 . . . . 306 11 . . . 1644 474 272 Machine Analysis 3302 | . . . . . . . . 1590 62 1650 . . . . . . . . . . . . Jamming 2818 | . . . . . . . . . . . . . . . . . . . . 1697 474 647 ECM 123 | . . . . . . . . . . 42 . . . 16 1 . . . . 64 . . Robot Analysis Total 2 | . . . . . . . . . . . . . . . 1 . . . . . . 1 Derelict Logs Recovered 4 | . . . . 1 . . . . . . 1 1 1 . . . . . . . . . Drone Launches . | . . . . . . . . . . . . . . . . . . . . . . . Drone Recoveries . | . . . . . . . . . . . . . . . . . . . . . . . Exploration | -11 -10 -10 -9 -9 -9 -8 -8 -7 -7 -7 -7 -7 -7 -6 -6 -6 -6 -6 -6 -5 -5 -5 ------------- Run | Yrd Mat Min Mat Min Exi Min Mat Fac Was Fac Low Low Zio Pro Fac Ext Cet Arc Hub Fac Was Fac Turns Passed 16169 | 113 1780 428 1077 405 779 157 1089 1600 62 1696 103 110 559 214 311 715 429 638 544 2072 474 814 Spaces Moved 12728 | 53 493 134 360 163 325 60 343 2201 141 2316 278 280 1058 415 496 705 195 265 239 1305 378 525 Core 31 | 3 . . . . . . . . . . . . . . . . . . . . . 28 Treads 2167 | 50 493 134 360 163 325 60 51 . . . . . . . . . 164 265 102 . . . Legs 2581 | . . . . . . . 264 . . . . . . . . . . . 137 1305 378 497 Wheels 28 | . . . . . . . 28 . . . . . . . . . . . . . . . Hover 7921 | . . . . . . . . 2201 141 2316 278 280 1058 415 496 705 31 . . . . . Flight . | . . . . . . . . . . . . . . . . . . . . . . . Fastest Speed 26 | 50 160 320 240 240 240 240 195 42 44 30 26 26 34 30 34 40 40 160 104 100 104 50 Average Speed 88 | 153 307 320 240 240 240 240 207 43 44 35 33 33 34 33 35 40 141 160 129 104 104 106 Slowest Speed 320 | 160 320 320 320 240 240 240 263 116 44 44 34 34 34 34 40 40 240 160 240 170 104 178 Overloaded Moves 150 | . . . . . . . . . . 101 28 2 . 19 . . . . . . . . Propulsion Burnouts . | . . . . . . . . . . . . . . . . . . . . . . . Robots Hopped . | . . . . . . . . . . . . . . . . . . . . . . . Potential Cave-ins 2 | . . . . . . . . . . 2 . . . . . . . . . . . . Cave-ins Triggered . | . . . . . . . . . . . . . . . . . . . . . . . Exploration Rate (%) 50 | 4 52 42 44 55 78 24 28 51 91 42 49 36 85 52 18 85 69 90 35 29 89 16 Regions Visited 22 Branch Regions 12 Pre-discovered Areas 6 | . 1 . 1 . . . . . . 1 . . 2 . . . . . . 1 . . Known Exits Taken 4 | . . . . . . . 1 . . 1 . . . 1 1 . . . . . . . Unknown Exits Taken 14 | 1 1 1 1 1 1 1 . . . . 1 1 1 . . 1 1 1 1 . . . Scrap Searched 9 | . . 1 . 1 . . . . . . 1 2 3 1 . . . . . . . . Spaces Dug 183 | . . . . . . . . 48 . 66 . 4 . 8 15 . . . 5 34 . 3 Terrain Destroyed 686 | . . . 16 . . . 22 49 . 111 46 4 . 56 44 35 . . 10 34 190 69 Melee 178 | . . . . . . . . 47 . 62 . 4 . 8 15 . . . 5 34 . 3 Projectile 21 | . . . . . . . . 2 . 10 . . . . . . . . 1 . . 8 AOE 483 | . . . 16 . . . 22 . . 39 46 . . 48 29 35 . . . . 190 58 Terrain Rammed . | . . . . . . . . . . . . . . . . . . . . . . . Walls Destroyed . | . . . . . . . . . . . . . . . . . . . . . . . Machines Disabled . | . . . . . . . . . . . . . . . . . . . . . . . Actions | -11 -10 -10 -9 -9 -9 -8 -8 -7 -7 -7 -7 -7 -7 -6 -6 -6 -6 -6 -6 -5 -5 -5 --------- Run | Yrd Mat Min Mat Min Exi Min Mat Fac Was Fac Low Low Zio Pro Fac Ext Cet Arc Hub Fac Was Fac Total 16458 | 72 628 135 477 168 325 67 535 2741 140 2963 282 286 1257 459 597 1129 351 406 402 1881 422 735 Wait 2360 | . 29 . 20 . . 3 53 370 . 426 . 1 189 26 69 365 130 72 29 433 14 131 Move 12708 | 52 492 133 359 162 324 59 342 2201 140 2315 277 279 1057 414 495 704 194 264 238 1305 377 525 Hop . | . . . . . . . . . . . . . . . . . . . . . . . Pick Up 147 | 8 27 1 14 . 1 . 8 19 . 14 . . 3 . 3 4 12 7 12 9 1 4 Fast Attach 83 | 4 1 . 2 . . . 8 17 . 10 . . 1 . 1 3 4 6 9 8 . 9 Attach 74 | 2 1 . 7 1 . 1 5 15 . 6 . . 1 . 3 2 1 2 12 9 . 6 Detach 19 | . 1 . 1 . . . 1 2 . . . . . . . . 1 . 6 3 . 4 Swap 89 | . 1 . 5 . . . 10 9 . 10 1 2 2 2 1 4 3 5 11 17 3 3 Drop 177 | . 9 1 15 . . . 10 38 . 24 . . 4 . 3 7 6 13 20 13 . 14 Fire 406 | 6 64 . 50 4 . 3 98 8 . 26 4 . . 5 5 3 . 37 36 2 27 28 Melee 332 | . . . . . . . . 62 . 119 . 4 . 12 17 24 . . 6 78 . 10 Ram . | . . . . . . . . . . . . . . . . . . . . . . . Kick 2 | . . . . . . . . . . . . . . . . . . . . 1 . 1 Crush 11 | . 3 . 4 1 . 1 . . . . . . . . . . . . 2 . . . Escape Stasis 26 | . . . . . . . . . . 13 . . . . . 13 . . . . . . Rewire . | . . . . . . . . . . . . . . . . . . . . . . . Trap 24 | . . . . . . . . . . . . . . . . . . . 21 3 . . Miscellaneous . | . . . . . . . . . . . . . . . . . . . . . . . Route ------- -11/Scrapyard -10/Materials (discovered 2 exits: *Mat / [*Min]) -10/Mines -9/Materials (discovered 2 exits: [*Min x2]) -9/Mines (discovered 3 exits: *Mat / *Exi / [*Zio]) -9/Exiles (discovered 2 exits: [*Min x2]) -8/Mines -8/Materials (discovered 2 exits: *Fac x2) -7/Factory (discovered 2 exits: *Fac x2) -7/Waste -7/Factory (discovered 3 exits: *Sto / *Low x2) -7/Lower Caves -7/Lower Caves -7/Zion -6/Proximity Caves -6/Factory (discovered 5 exits: *Fac / Low x2 / *Ext x2) -6/Extension (discovered 2 exits: *Fac / *Cet) -6/Cetus (discovered 2 exits: *Fac / [*Arc]) -6/Archives (discovered 3 exits: *Fac / *Hub x2) -6/Hub_04(d) -5/Factory (discovered 3 exits: *Fac / *Upp x2) -5/Waste -5/Factory (discovered 1 exit: *Fac) History --------- Turn | Location | Event 8 | -11/Scrapyard | Discovered new exit (range 15) 114 | -11/Scrapyard | Entered Materials 302 | -10/Materials | Build established: Mutant 841 | -10/Materials | Discovered new exit (range 16) 1207 | -10/Materials | Discovered new exit (range 12) 1894 | -10/Materials | Entered Mines 2213 | -10/Mines | Received a Mining Laser from a helpful Derelict 2274 | -10/Mines | Discovered new exit (range 8) 2322 | -10/Mines | Entered Materials 2322 | -9/Materials | Accompanied by 1 ally 2322 | -9/Materials | Evolved 2 slots: Propulsion x1, Utility x1 2604 | -9/Materials | Discovered new exit (range 7) 2881 | -9/Materials | Discovered new exit (range 16) 3399 | -9/Materials | Entered Mines 3414 | -9/Mines | Learned 2 Materials zone layouts 3418 | -9/Mines | Met a Derelict bent on vengeance 3420 | -9/Mines | A Derelict revealed a hidden shortcut to a safe place 3444 | -9/Mines | YI-UF0 nonchalantly dropped a Grenade Launcher on the ground 3454 | -9/Mines | Destroyed YI-UF0 3530 | -9/Mines | Discovered new exit (range 6) 3794 | -9/Mines | Deemed a non-threat by the Exiles lab entrance 3794 | -9/Mines | Discovered new exit (range 5) 3804 | -9/Mines | Entered Exiles 3836 | -9/Exiles | Discovered new exit (range 15) 3864 | -9/Exiles | Met 8R-AWN 3903 | -9/Exiles | Met EX-HEX 4020 | -9/Exiles | Met EX-DEC 4069 | -9/Exiles | Visited The Gauntlet 4253 | -9/Exiles | Met EX-BIN 4282 | -9/Exiles | Aligned with FarCom system 4284 | -9/Exiles | Given EX-Vault access code 4342 | -9/Exiles | Opened EX-Vault 4354 | -9/Exiles | Found Field Lobotomy Kit 4405 | -9/Exiles | Warned to stay clear of 0b10 Research branches 4564 | -9/Exiles | Discovered new exit (range 10) 4583 | -9/Exiles | Left Exiles lab with Field Lobotomy Kit 4583 | -9/Exiles | Entered Mines 4712 | -8/Mines | Discovered new exit (range 13) 4740 | -8/Mines | Entered Materials 4740 | -8/Materials | Evolved 2 slots: Propulsion x1, Utility x1 4741 | -8/Materials | Identified exit to Factory 5712 | -8/Materials | Discovered exit to Factory (range 7) 5829 | -8/Materials | Entered Factory 5829 | -7/Factory | Evolved 2 slots: Propulsion x1, Utility x1 5893 | -7/Factory | Discovered new exit (range 11) 6114 | -7/Factory | Build established: Scavenger-Scout 6120 | -7/Factory | Fabricated Imp. Propulsion Shielding? 6211 | -7/Factory | Fabricated Imp. Airjet? 6495 | -7/Factory | Build established: Scavenger-Mutant 6697 | -7/Factory | Discovered new exit (range 11) 6703 | -7/Factory | Identified exit to Factory 7323 | -7/Factory | Fabricated Trap Extractor (x2) 7429 | -7/Factory | Sucked down chute 7429 | -7/Factory | Entered Waste 7433 | -7/Waste | Spotted C-40 Crusher 7433 | -7/Waste | Spotted C-40 Crusher 7443 | -7/Waste | Spotted C-40 Crusher 7444 | -7/Waste | Spotted C-40 Crusher 7451 | -7/Waste | Build established: Mutant 7466 | -7/Waste | Spotted C-40 Crusher 7472 | -7/Waste | Spotted C-40 Crusher 7486 | -7/Waste | Discovered new exit (range 12) 7491 | -7/Waste | Entered Factory 7551 | -7/Factory | Discovered new exit (range 11) 7618 | -7/Factory | Identified exit to Storage 7618 | -7/Factory | Identified exit to Lower Caves 8258 | -7/Factory | Repaired Imp. Propulsion Shielding 8289 | -7/Factory | Repaired Huge Storage Unit 9056 | -7/Factory | Cargo convoy interrupted 9127 | -7/Factory | Found Prototype Launcher 9187 | -7/Factory | Entered Lower Caves 9188 | -7/Lower Caves | Identified Mni. Smartbomb Launcher 9282 | -7/Lower Caves | Discovered new exit (range 10) 9290 | -7/Lower Caves | Entered another Lower Caves area 9379 | -7/Lower Caves | Learned Factory stockpile data 9399 | -7/Lower Caves | Discovered new exit (range 5) 9400 | -7/Lower Caves | Entered Zion 9407 | -7/Zion | Build established: Hacker-Mutant 9439 | -7/Zion | Given A8's code to call for help 9447 | -7/Zion | Gained Derelict followers 9454 | -7/Zion | Discovered new exit (range 16) 9610 | -7/Zion | Learned location of Warlord (-4) 9718 | -7/Zion | Rebuked by Imprinter 9959 | -7/Zion | Entered Proximity Caves 9959 | -6/Proximity Caves | Accompanied by 5 allies 9998 | -6/Proximity Caves | Lost 5 allies 10059 | -6/Proximity Caves | Discovered exit to Factory (range 11) 10173 | -6/Proximity Caves | Entered Factory 10173 | -6/Factory | Evolved 2 slots: Utility x2 10236 | -6/Factory | Identified exit to Lower Caves 10236 | -6/Factory | Identified exit to Extension 10403 | -6/Factory | Discovered new exit (range 9) 10484 | -6/Factory | Entered Extension 10509 | -6/Extension | Rescued a captive Derelict 10511 | -6/Extension | Rescued a captive Derelict 10515 | -6/Extension | Rescued a captive Derelict 10607 | -6/Extension | Rescued a captive Derelict 10829 | -6/Extension | Warlord forces began an assault 10916 | -6/Extension | Build established: Commander-Mutant 10950 | -6/Extension | Lost 3 allies 10986 | -6/Extension | Rescued a captive Derelict 10988 | -6/Extension | Rescued a captive Derelict 10996 | -6/Extension | Rescued a captive Derelict 10998 | -6/Extension | Rescued a captive Derelict 11007 | -6/Extension | Rescued a captive Derelict 11007 | -6/Extension | Rescued a captive Derelict 11065 | -6/Extension | Found Powered Armor 11074 | -6/Extension | Rescued a captive Derelict 11075 | -6/Extension | Rescued a captive Derelict 11080 | -6/Extension | Rescued A7 11123 | -6/Extension | Discovered new exit (range 10) 11123 | -6/Extension | Discovered new exit (range 6) 11199 | -6/Extension | Entered Cetus 11199 | -6/Cetus | Accompanied by 18 allies (A7) 11204 | -6/Cetus | Acquired a Cetus Manufacturing Module code from A7 11231 | -6/Cetus | Spotted Cetus Guard 11232 | -6/Cetus | Spotted Cetus Guard 11236 | -6/Cetus | Spotted Cetus Guard 11237 | -6/Cetus | Allies destroyed Cetus Guard 11238 | -6/Cetus | Allies destroyed Cetus Guard 11246 | -6/Cetus | Allies destroyed Cetus Guard 11327 | -6/Cetus | Started Cetus Manufacturing Module 11352 | -6/Cetus | Manufactured an Enhanced Grunt 11358 | -6/Cetus | Escorted A7 to Cetus Mainframe 11377 | -6/Cetus | Manufactured an Enhanced Grunt 11388 | -6/Cetus | Discovered new exit (range 16) 11402 | -6/Cetus | Manufactured an Enhanced Grunt 11427 | -6/Cetus | Manufactured an Enhanced Grunt 11432 | -6/Cetus | Spotted Cetus Guard 11432 | -6/Cetus | Spotted Cetus Guard 11449 | -6/Cetus | Spotted Cetus Guard 11451 | -6/Cetus | Allies destroyed Cetus Guard 11452 | -6/Cetus | Manufactured an Enhanced Grunt 11462 | -6/Cetus | Discovered new exit (range 15) 11470 | -6/Cetus | Met Revision 17 11628 | -6/Cetus | Entered Archives 11628 | -6/Archives | Accompanied by 21 allies (A7) 11634 | -6/Archives | Received a hacking code to weaken MAIN.C 11691 | -6/Archives | Lost 9 allies 11744 | -6/Archives | Discovered new exit (range 15) 11844 | -6/Archives | Discovered new exit (range 14) 12031 | -6/Archives | Discovered new exit (range 15) 12086 | -6/Archives | Found Prototype Device 12086 | -6/Archives | Identified Exp. Thermal Shield 12266 | -6/Archives | Entered Hub_04(d) 12266 | -6/Hub_04(d) | Accompanied by 9 allies 12382 | -6/Hub_04(d) | Build established: Scavenger-Mutant 12396 | -6/Hub_04(d) | Network Hub disabled 12437 | -6/Hub_04(d) | Spotted Lightning 12440 | -6/Hub_04(d) | Spotted Lightning 12443 | -6/Hub_04(d) | Spotted Lightning 12444 | -6/Hub_04(d) | Destroyed Lightning 12450 | -6/Hub_04(d) | Destroyed Lightning 12477 | -6/Hub_04(d) | Destroyed Lightning 12517 | -6/Hub_04(d) | Found Prototype Energy Cannon 12520 | -6/Hub_04(d) | Identified EMDS 12598 | -6/Hub_04(d) | Found Prototype Device 12598 | -6/Hub_04(d) | Identified Exp. EM Shield 12632 | -6/Hub_04(d) | Found Prototype Device 12633 | -6/Hub_04(d) | Identified Exp. Phase Shifter 12638 | -6/Hub_04(d) | Found Exp. EM Shield 12641 | -6/Hub_04(d) | Found EMDS 12650 | -6/Hub_04(d) | Found EMDS 12728 | -6/Hub_04(d) | Network Hub disabled 12774 | -6/Hub_04(d) | Discovered new exit (range 15) 12810 | -6/Hub_04(d) | Entered Factory 12810 | -5/Factory | Evolved 2 slots: Utility x2 12811 | -5/Factory | Identified exit to Upper Caves 12956 | -5/Factory | Discovered new exit (range 6) 14055 | -5/Factory | Fabricated Exp. Weapon Shielding (x1) 14114 | -5/Factory | Fabricated Exp. Weapon Shielding (x1) 14149 | -5/Factory | Central database locked down 14617 | -5/Factory | Repaired Enh. Flexi-carbon Leg 14635 | -5/Factory | Repaired Imp. Utility Shielding 14882 | -5/Factory | Sucked down chute 14882 | -5/Factory | Entered Waste 14930 | -5/Waste | Spotted C-40 Crusher 14937 | -5/Waste | Spotted C-40 Crusher 15004 | -5/Waste | Destroyed C-40 Crusher 15018 | -5/Waste | Spotted C-40 Crusher 15026 | -5/Waste | Destroyed C-40 Crusher 15035 | -5/Waste | Destroyed C-40 Crusher 15075 | -5/Waste | Spotted C-40 Crusher 15087 | -5/Waste | Destroyed C-40 Crusher 15088 | -5/Waste | Spotted C-40 Crusher 15115 | -5/Waste | Destroyed C-40 Crusher 15179 | -5/Waste | Spotted C-40 Crusher 15185 | -5/Waste | Destroyed C-40 Crusher 15235 | -5/Waste | Discovered new exit (range 15) 15245 | -5/Waste | Warlord forces began an assault 15356 | -5/Waste | Entered Factory 15356 | -5/Factory | Accompanied by 19 allies 15553 | -5/Factory | Unchained authorized (DW-4LL) 15593 | -5/Factory | Exiles provided nearest exit location to -4/Factory 15772 | -5/Factory | Repaired Enh. Biometal Leg 15830 | -5/Factory | DW-4LL burst out of a wall 15903 | -5/Factory | Lost 7 allies 15956 | -5/Factory | First assault squad dispatched 16002 | -5/Factory | DW-4LL burst out of a wall 16034 | -5/Factory | System corruption reached 10% 16074 | -5/Factory | Lost 6 allies 16098 | -5/Factory | Core integrity fell below 50% 16100 | -5/Factory | System corruption reached 30% 16130 | -5/Factory | Lost 14 parts (1p4n8u1w) 16163 | -5/Factory | Core integrity fell below 20% 16170 | -5/Factory | Destroyed by DW-4LL with DW-4LL's Slamshotty Last Messages --------------- 16161_ Penetrated by Slug. 16161_ Slug penetrates Wall. 16162_ Knocked back. 16162_ U-05 Engineer lays Concrete. 16163_ Slug penetrates Wall. 16163_ Acquired Adv. Datajack. 16164_ U-05 Engineer lays Concrete. 16165_ Slug penetrates Wall. 16165_ Penetrated by Slug. 16166_ System corrupted: Matter fused (-8). 16166_ Adv. Datajack destroyed. 16166_ System corrupted by crushing effect (+5). 16166_ Knocked back. 16166_ U-05 Engineer lays Concrete. 16166_ Penetrated by Slug. 16167_ U-05 Engineer builds a Wall. 16168_ K-01 Serf collects debris. 16169_ Acquired Cmb. Linear Gravjet. 16170_ Cmb. Linear Gravjet destroyed. 16170_ System corrupted by crushing effect (+4). Map ----- +----------------------------------------------------+ | =#???????? ????# ##? #????? | | #??????????????# % # # ?????? | | ]#??????????????## # ??#??? | | #?????????????### # # #??? | | #?????????????? # ???? | | #??????????????## ????? | | #???????????????# ###### | | #???####+########% # | | #???# % % # | | #???# ^ ! % # # | | #???# " # | | ##???# ^ # | | ?????# ^ # # | | ?????# #u # | | ?????# " % # # | | ?????# # | | ???? + # | | ??? # # | | ?????? # | | ??????? k # | | ?????? # | | ?????? ; # | | ?????# # | | ?????? !;!*! # | | ?????# !!!!! # | | ?????? "##@;###### | | ??????? h ! #????? | | ?????????#####"" # ##???? | | ?????????#! h ; ;#???? | | ?????????# "" ; * ;#???? | | ?????????# """ !; ##???? | | ?????????+ "F "" ; #????? | | ?????????# """ ; #????? | | ?????????# """ " ; #;;8###??? | | ?????????+ """ """ ##w## / ! #? | | ?????????# ## ## #? | | ?????????############ ## #? | | ????????????????????# ## #? | | ????????????????????# ##! = #? | | ????????????????????# ## #? | | ????????????????????# ## ! #? | | ????????????????????# ## !#? | | ????????????????????? ?# #? | | ?????????????????????+?#########? | | ????????????????????????????????? | | ????????????????????????????????? | | ????????????????????????????????? | | ????????????????????????????????? | | ????????????????????????????????? | | ????????????????????????????????? | +----------------------------------------------------+ Best States ------------- Heat Dissipation 66 Coolant Potential 50 Energy Generation 25 Energy Capacity 850 Matter Stores 700 Matter Capacity 700 Sight Range 16 Terrain Scan Density 10 ECM Strength 2 Jamming Range 14 Armor Coverage 1350 Resistance: TH 30 Resistance: EM 75 Propulsion Shielding 66 Utility Shielding 66 Weapon Shielding 90 Melee Speed Boost 40 Evasion (%) 60 Recoil Reduction 4 Salvage Targeting 2 Offensive Hacking 36 Authchip Count 5 Trap Extractor Capacity 6 Item Schematics ----------------- Trap Extractor | -9/Materials | Hacked Imp. Propulsion Shielding | -7/Factory | Hacked Imp. Utility Shielding | -7/Factory | Hacked Transport Network Coupler | -7/Factory | Hacked Exp. Weapon Shielding | -5/Factory | Hacked Robot Schematics ------------------ None Fabricated ------------ Imp. Propulsion Shielding | x2 | -7/Factory Imp. Airjet | x1 | -7/Factory | Preloaded Trap Extractor | x2 | -7/Factory | Authchip Exp. Weapon Shielding | x1 | -5/Factory | Authchip Exp. Weapon Shielding | x1 | -5/Factory | Authchip Repaired ---------- Imp. Propulsion Shielding | 44% | -7/Factory Huge Storage Unit | 71% | -7/Factory Enh. Flexi-carbon Leg | 2% | -5/Factory Imp. Utility Shielding | 65% | -5/Factory Enh. Biometal Leg | 50% | -5/Factory Studied --------- Hover Unit | -9/Materials | Hacked Katana | -8/Materials | Hacked Gravmag System | -7/Factory | Hacked Great Axe | -7/Factory | Hacked Imp. EM Pulse Cannon | -7/Factory | Hacked Mic. Nuclear Core | -7/Factory | Hacked Imp. Datajack | -7/Factory | Hacked Gravmag Array | -6/Factory | Hacked Alien Tech Used ----------------- None Achievements -------------- Construction Begets Destruction Immobile And Lovin' It Insider Info Jackpot That Tickles The Better Part Of Valor We Love MA Challenges ------------ None Game ------ Seed AnalysisFrostRocket Manual? 0 Play Time 02:51:56 Cumulative 815.0 hours Start 2025.10.24 @ 00:44:57 End 2025.10.27 @ 00:55:57 Sessions 23 Manual Loads 0 Difficulty Rogue Special Mode None Game No. 816 Rogue 816 Adventurer 0 Explorer 0 Win Type - Total 39 Types 14/4/11/2/0/0/5/2/1/0 Lore% 96 Gallery% 85 Achievement% 54 Wizard Run 0 Options --------- Layout 0 ASCII 0 Keyboard 0 Movement Numpad Keybinds 0 Fullscreen 1 Font 18/Smallcaps Map View 76x50 Zoom Use 0% Tactical HUD 1 Map Filters NONE Filters NONE Steam 1 RUN: b205e470-7c7c-469b-8f17-86a41bc93574